AoeStats
← Niroxs

MegaRandom

510173179Analyzed
4v4 RM · 2d ago on Sep 29, 2026· 21m 12s· 8 players
Game mode
Random Map
Map size
Large (8 player)
Population
200
Speed
Normal
Resources
Standard
Victory
Conquest
Starting age
Dark Age
Ending age
Imperial Age
RankedLock teamsTeams togetherTeam positionsShared explorationLock speedFull tech treeHidden civsTurbo modeCheats
Victory
Defeat
🇨🇭 Britons · Switzerland
1777
+9
🇺🇸 Gurjaras · United States
1713
+11
🇧🇪 Berbers · Belgium
1652
+13
🇦🇷 Byzantines · Argentina
1616
+15
🇮🇹 Mongols · Italy
1657
-14
🇮🇹 Varangians · Italy
1647
-14
🇮🇹 Sicilians · Italy
1545
-10
🇮🇹 Ethiopians · Italy
1541
-10
golo_face
0:28 Loom
7:33 Feudal Age
8:06 Double-Bit Axe
8:36 Double-Bit Axe
9:27 Horse Collar
18:15 Castle Age
17:02 Scale Barding Armor
17:28 Bloodlines
18:40 Forging
18:23 Gold Mining
19:50 Bow Saw
Komi
0:29 Loom
8:29 Feudal Age
11:04 Fletching
14:18 Double-Bit Axe
16:37 Padded Archer Armor
18:03 Horse Collar
22:58 Castle Age
21:25 Gold Mining
Revvv
0:31 Loom
7:45 Feudal Age
8:23 Double-Bit Axe
9:25 Horse Collar
15:00 Scale Barding Armor
16:16 Forging
19:28 Wheelbarrow
21:46 Castle Age
Niroxs
7:50 Feudal Age
7:24 Loom
12:15 Fletching
14:13 Double-Bit Axe
14:59 Padded Archer Armor
15:23 Horse Collar
20:11 Gold Mining
TizioitaGdR
0:34 Loom
8:39 Feudal Age
10:47 Double-Bit Axe
14:40 Horse Collar
18:15 Wheelbarrow
18:24 Scale Barding Armor
20:08 Forging
GdR_Mark_Landers
0:30 Loom
6:53 Feudal Age
7:35 Double-Bit Axe
11:36 Fletching
13:40 Padded Archer Armor
16:31 Horse Collar
21:23 Castle Age
19:39 Gold Mining
GdR_Macdek II
0:28 Loom
8:49 Feudal Age
9:30 Double-Bit Axe
10:48 Bloodlines
12:38 Scale Barding Armor
20:21 Horse Collar
My_Name_Is_Mimmox
0:33 Loom
9:21 Feudal Age
11:12 Double-Bit Axe
13:37 Fletching
Connection lost

Rejoining the realm…

Still unreachable

The connection could not be restored.

Session expired

The server has moved on; the page needs a fresh start.